 Dungeon Crawl Stone Soup version 0.30-a0-118-ga018f8e90f (webtiles) character file.

Game seed: 13762951338024953230

2981 IdlyInterested the Slicer (level 9, 0/55 (58) HPs)
             Began as a Demonspawn Wanderer on Sept 13, 2022.
             Was a Follower of Hepliaklqana.
             Slain by a +0 spear of chaos (8 damage)
             ... on level 8 of the Dungeon.
             The game lasted 00:38:25 (8876 turns).

IdlyInterested the Slicer (Demonspawn Wanderer)     Turns: 8876, Time: 00:38:26

HP:   0/55 (58)     AC:  7    Str: 18    XL:     9   Next: 53%
MP:   10/13         EV: 13    Int: 12    God:    Hepliaklqana [*.....]
Gold: 111           SH:  5    Dex: 16    Spells: 6/14 levels left

rFire   . . .      SeeInvis .    n - +3 short sword of Ubiokhleadd {freeze, rPois rC+ Dex+3}
rCold   + . .      Faith    .    (no shield)
rNeg    . . .      Spirit   .    H - +0 steam dragon scales
rPois   +          Reflect  +    (helmet restricted)
rElec   .          Harm     .    g - scarf {repulsion}
rCorr   .          Rampage  .    l - +0 pair of gloves
Will    .....                    c - +0 pair of boots
Stlth   +++.......               o - amulet of reflection
HPRegen 0.18/turn                x - ring of wizardry
MPRegen 0.13/turn                E - ring of poison resistance

@: mighty, studying Short Blades, drained, repel missiles
A: reduced essence, horns 2, powered by death 1, powered by pain 2
a: Renounce Religion, Recall Ancestor, Ancestor Identity


You were on level 8 of the Dungeon.
You worshipped Hepliaklqana.
Hepliaklqana was aware of your devotion.
You visited 2 branches of the dungeon, and saw 9 of its levels.

You collected 514 gold pieces.
You spent 403 gold pieces at shops.

Inventory:

Hand Weapons
 i - a +0 dagger
 n - the +3 short sword of Ubiokhleadd (weapon) {freeze, rPois rC+ Dex+3}
   (You found it on level 2 of the Dungeon)

   It freezes those it strikes, dealing additional cold damage.
   It can also slow down cold-blooded creatures.
   Dex:       It affects your dexterity (+3).
   rC:        It protects you from cold.
   rPois:     It protects you from poison.
 r - a +0 dagger of speed
 t - a +1 dagger of flaming
 F - a +2 dagger of chaos
 J - a +0 dagger of protection
Missiles
 e - 28 poisoned darts
 p - 11 boomerangs
 u - 2 curare-tipped darts
 D - 2 datura-tipped darts
 R - 5 javelins
Armour
 c - a +0 pair of boots (worn)
 g - a scarf of repulsion (worn)
 l - a +0 pair of gloves (worn)
 G - a +2 robe of cold resistance
 H - +0 steam dragon scales (worn)
 O - the +1 chain mail of the Lost Path {+Blink rC+}
   (You found it on level 7 of the Dungeon)

   rC:        It protects you from cold.
   +Blink:    It lets you blink.
 T - a +2 ring mail of fire resistance
Jewellery
 o - an amulet of reflection (around neck)
 x - a ring of wizardry (left hand)
 A - an amulet of magic regeneration
 E - a ring of poison resistance (right hand)
 M - an amulet of the acrobat
Wands
 w - a wand of paralysis (7)
 y - a wand of mindburst (8)
 P - a wand of digging (1)
Scrolls
 d - 6 scrolls of teleportation
 h - 3 scrolls of immolation
 j - a scroll of magic mapping {unknown}
 k - a scroll of enchant weapon {unknown}
 q - a scroll of torment {unknown}
 s - 2 scrolls of poison
 B - a scroll of brand weapon {unknown}
 C - 3 scrolls of noise {unknown}
 L - a scroll of amnesia {unknown}
 U - a scroll of vulnerability {unknown}
Potions
 a - 3 potions of curing
 b - a potion of haste
 m - a potion of invisibility
 v - 4 potions of lignification
 z - a potion of attraction
 I - a potion of magic {unknown}
 K - a potion of flight {unknown}
 Q - 2 potions of cancellation
 S - a potion of brilliance
Miscellaneous
 V - a piece from Xom's chessboard (15/15)


   Skills:
 - Level 4.0 Fighting
 * Level 8.8 Short Blades
 - Level 2.0 Throwing
 - Level 2.0 Armour
 - Level 4.0 Dodging
 + Level 5.7 Stealth
 * Level 1.9 Shields
 - Level 2.6 Unarmed Combat
 + Level 3.1 Spellcasting
 + Level 5.2 Summonings
 - Level 2.0 Invocations
 - Level 2.0 Evocations


You had 6 spell levels left.
You knew the following spells:

 Your Spells              Type           Power      Damage    Failure   Level
a - Summon Small Mammal   Summ           56%        N/A       1%          1
b - Call Canine Familiar  Summ           14%        N/A       3%          3
c - Summon Lightning Spi  Summ/Air       8%         N/A       32%         4

Your spell library contained the following spells:

 Spells                   Type           Power      Damage    Failure   Level
 Apportation              Tloc           2%         N/A       10%         1
 Necrotise                Necr           4%         1d4       10%         1
 Ensorcelled Hibernation  Hex/Ice        2%         N/A       16%         2
 Spider Form              Tmut/Pois      1%         N/A       28%         3
 Airstrike                Air            0%         2d(1-17)  65%         4
 Anguish                  Hex/Necr       0%         N/A       65%         4
 Lightning Bolt           Conj/Air       0%         1d11      92%         5
 Conjure Ball Lightning   Conj/Air       0%         3x3d6     100%        6
 Discord                  Hex            0%         N/A       100%        8
 Disjunction              Tloc           0%         N/A       100%        8


Dungeon Overview and Level Annotations

Branches:
Dungeon (8/15)             Temple (1/1) D:6
   Lair: D:8-11

Altars:
Ashenzari
Cheibriados
Dithmenos
Fedhas
Gozag
Hepliaklqana
Kikubaaqudgha
Makhleb
Okawaru
Qazlal
Ru
Trog
Vehumet
Xom
Yredelemnul

Shops:
D:1 ?   D:4 [*   D:5 !   D:8 ?

Annotations:
D:8 Cancer's ghost, journeyman GrEE


Innate Abilities, Weirdness & Mutations

Your life essence is reduced to manifest your ancestor. (-10% HP)
You have a pair of horns on your head.
You regenerate a little health from kills.
You sometimes gain power by taking damage.


Message History

You feel better.
The +0 spear of chaos hits you but does no damage.
Your hound completely misses the +0 spear of chaos.
The +0 spear of chaos hits you.
* * * LOW HITPOINT WARNING * * *
The +0 spear of chaos freezes you.
* * * LOW HITPOINT WARNING * * *
Your hound barely misses Cancer's ghost.
Cancer's ghost casts a spell at you.
The blast of sand is repelled.
You feel better. The +0 spear of chaos hits you.
* * * LOW HITPOINT WARNING * * *
Your hound bites the +0 spear of chaos.
The +0 spear of chaos barely misses you.
You barely miss the +0 spear of chaos.
Your headbutt misses the +0 spear of chaos.
The +0 spear of chaos is heavily damaged.
Your hound misses Cancer's ghost. The +0 spear of chaos hits you.
* * * LOW HITPOINT WARNING * * *
The +0 spear of chaos freezes you.
* * * LOW HITPOINT WARNING * * *
You feel better.
Your hound barely misses the +0 spear of chaos.
The +0 spear of chaos hits you.
* * * LOW HITPOINT WARNING * * *
You convulse.
* * * LOW HITPOINT WARNING * * *
Cancer's ghost hits you.
* * * LOW HITPOINT WARNING * * *
Your hound completely misses the +0 spear of chaos.
The +0 spear of chaos hits you!
* * * LOW HITPOINT WARNING * * *
You feel better.
The +0 spear of chaos barely misses you.
Cancer's ghost misses you.
Your hound barely misses the +0 spear of chaos.
You hit the +0 spear of chaos.
The +0 spear of chaos is heavily damaged.
The +0 spear of chaos hits you!
You die...

##.......#######.#...............
.#....~..##......################
.#...~~~.##.......#
.#...~≈~........#.##
.#.....~..#######..####
.#..........# ##....#
.#..........# ###...#
.#..........# ##(#R..#
.#.....>....# #@Wh...#
.#.#'######## ##.#..## .#.#.#
###..# .#.#.# #### ##.#'######
..........# ##.≈~≈~...#
.#.~≈≈~~..# R#.~~≈....# ####


You could see the friendly Nindada the ancestor, a +0 spear of chaos (ally
target), Cancer's ghost and a friendly hound (summoned).

Vanquished Creatures
  Prince Ribbit (D:8)
  2 steam dragons
  Eustachio (D:6)
  An acid dragon (D:5)
  A water moccasin (D:5)
  A sky beast (D:6)
  A black bear (D:5)
  An ice beast (D:7)
  2 centaurs
  3 kobold brigands
  A necrophage (D:4)
  4 bullfrogs
  3 scorpions
  3 killer bees (D:8)
  2 electric eels (D:8)
  A crimson imp (D:5)
  A jelly (D:6)
  2 hounds (D:6)
  5 orc priests
  An iguana (D:5)
  2 orc wizards
  3 adders
  2 gnolls (D:5)
  2 white imps (D:8)
  An ufetubus (D:5)
  5 worms
  A dart slug (D:2)
  17 orcs
  2 bats (D:3)
  7 endoplasms
  4 giant cockroaches
  11 goblins
  7 hobgoblins
  3 jackals (D:2)
  14 kobolds
  6 quokkas
  4 ball pythons
  2 frilled lizards
  6 rats
136 creatures vanquished.

Vanquished Creatures (collateral kills)
  A black bear (D:8)
  A kobold brigand (D:7)
  2 killer bees (D:8)
  An orc priest (D:6)
  An adder (D:6)
  A gnoll (D:5)
  3 orcs (D:6)
  A giant cockroach (D:4)
  A ball python (D:4)
  5 kobolds
17 creatures vanquished.

Vanquished Creatures (others)
  An orc wizard (D:6)
  An ancestor (D:8)
2 creatures vanquished.

Grand Total: 155 creatures vanquished

Notes
Turn   | Place    | Note
-------+----------+-------------------------------------------
     0 | D:1      | IdlyInterested the Demonspawn Wanderer began the quest for
                  | the Orb.
     0 | D:1      | IdlyInterested set off with the following items: a +0 club,
                  | a potion of haste, a +0 pair of boots, a scroll of
                  | teleportation, a +0 leather armour, a potion of heal
                  | wounds; and the following spell memorised: Summon Small
                  | Mammal; and the following spells available to memorise:
                  | Call Canine Familiar.
     0 | D:1      | Reached XP level 1. HP: 15/15 MP: 2/2
    45 | D:1      | Found a faded altar of an unknown god.
   259 | D:1      | Gained mutation: You have a pair of small horns on your
                  | head. [demonic ancestry]
   259 | D:1      | Reached XP level 2. HP: 20/21 MP: 0/3
   398 | D:1      | Found Afano's Magic Scroll Shoppe.
   725 | D:1      | Bought a scroll of identify for 28 gold pieces
   795 | D:2      | Identified the +3 short sword of Ubiokhleadd {freeze, rPois
                  | rC+ Dex+3}
  1355 | D:2      | Reached XP level 3. HP: 27/27 MP: 4/4
  1559 | D:2      | Reached skill level 1 in Short Blades
  1742 | D:1      | Bought a scroll of poison for 56 gold pieces
  2137 | D:3      | Gained mutation: You have a pair of horns on your head.
                  | [demonic ancestry]
  2137 | D:3      | Reached XP level 4. HP: 33/33 MP: 3/5
  2409 | D:3      | Reached skill level 2 in Short Blades
  2620 | D:3      | Reached XP level 5. HP: 31/38 MP: 5/7
  2723 | D:3      | Learned a level 3 spell: Call Canine Familiar
  2828 | D:4      | Found Ziepek's Antique Armour Emporium.
  2958 | D:4      | Reached skill level 3 in Short Blades
  3112 | D:4      | Gained mutation: You sometimes gain a little power by
                  | taking damage. [demonic ancestry]
  3112 | D:4      | Reached XP level 6. HP: 44/44 MP: 7/9
  3200 | D:4      | Found Gumutem's General Store.
  3285 | D:4      | Found a hazy altar of Hepliaklqana.
  3395 | D:1      | Bought a scroll of identify for 28 gold pieces
  3396 | D:1      | Bought a scroll of immolation for 56 gold pieces
  3521 | D:5      | Entered Level 5 of the Dungeon
  3575 | D:5      | Found Joracif's Distillery.
  3614 | D:5      | Noticed a water moccasin
  3626 | D:5      | Killed a water moccasin
  3627 | D:5      | Reached skill level 4 in Short Blades
  3727 | D:5      | Noticed an acid dragon
  3740 | D:5      | Killed an acid dragon
  3741 | D:5      | Gained mutation: You regenerate a little health from kills.
                  | [demonic ancestry]
  3741 | D:5      | Reached XP level 7. HP: 42/51 MP: 3/10
  4299 | D:5      | Reached skill level 1 in Evocations
  4465 | D:5      | Reached skill level 5 in Short Blades
  4571 | D:5      | Found a shimmering altar of Xom.
  4572 | D:5      | Found a burning altar of Makhleb.
  4636 | D:4      | Bought a runed robe for 81 gold pieces
  4864 | D:4      | Became a worshipper of Hepliaklqana the Forgotten
  5183 | D:6      | Found a shadowy altar of Dithmenos.
  5193 | D:6      | Reached XP level 8. HP: 58/58 MP: 11/11
  5356 | D:6      | Reached skill level 6 in Short Blades
  5629 | D:6      | Reached skill level 1 in Throwing
  5630 | D:6      | Found a staircase to the Ecumenical Temple.
  5668 | Temple   | Entered the Ecumenical Temple
  6121 | D:6      | Noticed Eustachio
  6135 | D:6      | Killed Eustachio
  6407 | D:7      | Reached skill level 7 in Short Blades
  6570 | D:7      | Reached skill level 5 in Stealth
  6576 | D:7      | Identified the +1 chain mail of the Lost Path {+Blink rC+}
  7170 | D:7      | Reached skill level 1 in Armour
  7170 | D:7      | Gained mutation: You sometimes gain power by taking damage.
                  | [demonic ancestry]
  7170 | D:7      | Reached XP level 9. HP: 41/64 MP: 13/13
  7519 | D:4      | Bought a jewelled leather armour for 154 gold pieces
  7519 | D:4      | Identified the +1 leather armour "Olee" {*Corrode Dex+5}
                  | (You bought it in a shop on level 4 of the Dungeon)
  7707 | D:8      | Reached * piety under Hepliaklqana
  7797 | D:8      | Noticed Prince Ribbit
  7818 | D:8      | Killed Prince Ribbit
  7819 | D:8      | Reached skill level 8 in Short Blades
  7832 | D:8      | Learned a level 4 spell: Summon Lightning Spire
  7987 | D:8      | Found a blossoming altar of Fedhas.
  7989 | D:8      | Found an ancient bone altar of Kikubaaqudgha.
  8096 | D:8      | Reached skill level 5 in Summonings
  8252 | D:8      | Reached skill level 1 in Shields
  8321 | D:8      | Found a runed translucent door.
  8321 | D:8      | Found a shimmering altar of Xom.
  8321 | D:8      | Noticed Cancer's ghost (journeyman GrEE)
  8322 | D:8      | Noticed a +0 spear of chaos
  8565 | D:8      | Found a radiant altar of Vehumet.
  8603 | D:8      | Found Leigruid's Magic Scroll Boutique.
  8876 | D:8      | Slain by a +0 spear of chaos

Illustrated notes

Levels and vault maps discovered:
D:1:      dpeg_arrival_rooms_c, layout_basic, serial_shops, shop,
          hellmonk_ecumenical_altar_pennies_from_heaven
D:2:      layout_rooms, chequers_serial_rivers_room_a, minmay_nonomino_d4
D:3:      layout_basic
D:4:      layout_gridville, lemuel_coloured_pillars_altar, serial_shops,
          nicolae_shop_waterfront, shop
D:5:      layout_basic, grunt_temple_overflow_champion_of_chaos,
          zin_scriptorium, serial_shops, nicolae_shop_stone
D:6:      layout_loops_ring, mainiacjoe_overflow_surrounded_room,
          minmay_temple_entry_ruins, uniq_eustachio
D:7:      layout_basic
D:8:      layout_basic, grunt_temple_overflow_growth_and_decay,
          vehumet_crystals, ebering_ghost_xom, serial_shops, kennysheep_mini,
          hellmonk_bongcloud_opening, roderic_lattice_a, hangedman_decor_push,
          minmay_misc_feat_tiny, kennysheep_generic_room_5, uniq_prince_ribbit1
Temple:   hellmonk_temple_flake

Skill      XL: |  1  2  3  4  5  6  7  8  9 |
---------------+----------------------------+-----
Fighting       | 2 3 4 |  4.0
Stealth        | 2 3 4 5 |  5.7
Short Blades   | 1 2 3 4 5 7 8 |  8.8
Dodging        | 2 3 4 |  4.0
Spellcasting   | 2 3 |  3.1
Summonings     | 3 4 5 |  5.2
Evocations     | 2 |  2.0
Invocations    | 2 |  2.0
Throwing       | 2 |  2.0
Armour         | 1 2 |  2.0
Shields        | 1 |  1.9
Unarmed Combat | |  2.6

Action                   |  1- 3 |  4- 6 |  7- 9 || total
-------------------------+-------+-------+-------++-------
Melee: Club              |    27 |       |       ||    27
       Dagger            |    32 |       |       ||    32
       Short sword       |    62 |    73 |   264 ||   399
       Headbutt          |    16 |    14 |    47 ||    77
       Punch             |     5 |     4 |     7 ||    16
Throw: Dart              |       |       |     5 ||     5
 Cast: Summon Small Mamm |    11 |    12 |     2 ||    25
       Call Canine Famil |       |     1 |    14 ||    15
Evoke: Wand              |       |     2 |     2 ||     4
  Use: Scroll            |     3 |     2 |     3 ||     8
       Potion            |       |     2 |    10 ||    12
 Stab: Sleeping          |     6 |     3 |    14 ||    23
       Paralysed         |       |     1 |       ||     1
Armor: Leather armour    |    47 |     8 |     5 ||    60
       Robe              |       |       |    13 ||    13
       Steam dragon scal |       |       |    46 ||    46
Dodge: Dodged            |    71 |    27 |   153 ||   251
       Repelled          |       |       |     3 ||     3
Block: Other             |    17 |     8 |    54 ||    79
       Reflection        |     1 |       |     5 ||     6

Table legend: (Time is in decaauts)
 A = Elapsed time spent in this place.
 B = Non-inter-level travel time spent in this place.
 C = Inter-level travel time spent in this place.
 D = Time resting spent in this place.
 E = Time spent auto-exploring this place.
 F = Levels seen in this place.
 G = Mean time per level.
                   A        B        C        D        E       F      G
               +--------+--------+--------+--------+--------+-----+--------+
         Total |   8794 |   7052 |   1742 |   1022 |   4163 |   9 |  977.1 |
       Dungeon |   8644 |   6902 |   1742 |   1022 |   4034 |   8 | 1080.5 |
        Temple |    149 |    149 |      0 |      0 |    129 |   1 |  149.0 |
               +--------+--------+--------+--------+--------+-----+--------+

Top non-repeatable levels by time:
     D:5: 1602 daAuts
     D:6: 1431 daAuts
     D:1: 1209 daAuts
     D:8: 1129 daAuts
     D:3: 1026 daAuts
     D:2: 824 daAuts
     D:7: 734 daAuts
     D:4: 687 daAuts
  Temple: 149 daAuts
